 Dungeon Crawl Stone Soup version 0.27-a0-1291-geefcff550b (webtiles) character file.

Game seed: 7130564929945129187

11 Dvallin the Slasher (level 2, 27/27 HPs)
             Began as a Minotaur Monk on June 16, 2021.
             Was a Believer of Vehumet.
             Quit the game on level 1 of the Dungeon.
             The game lasted 00:01:05 (591 turns).

Dvallin the Slasher (Minotaur Monk)                  Turns: 591, Time: 00:01:06

Health: 27/27      AC:  2    Str: 15    XL:     2   Next: 13%
Magic:  1/1        EV: 13    Int:  7    God:    Vehumet [**....]
Gold:   12         SH:  0    Dex: 12    Spells: 0/1 levels left

rFire    . . .     SeeInvis .   a - +0 falchion
rCold    . . .     Faith    .   (no shield)
rNeg     . . .     Spirit   .   b - +0 robe
rPois    .         Reflect  .   (helmet restricted)
rElec    .         Harm     .   (no cloak)
rCorr    .         Rampage  .   (no gloves)
Will     .....                  (no boots)
Stlth    ++........             (no amulet)
HPRegen  0.09/turn              (no ring)
MPRegen  0.07/turn              (no ring)

@: no status effects
A: horns 2, retaliatory headbutt
a: Renounce Religion


You were on level 1 of the Dungeon.
You worshipped Vehumet.
Vehumet was pleased with you.
You visited 1 branch of the dungeon, and saw 1 of its levels.

You collected 12 gold pieces.

Inventory:

Hand Weapons
 a - a +0 falchion (weapon)
Armour
 b - a +0 robe (worn)
Scrolls
 e - 3 scrolls of fog {unknown}
 f - a scroll of blinking {unknown}
Potions
 c - a potion of berserk rage {unknown}
 d - a potion of attraction {unknown}
 g - a potion of curing {unknown}
 h - a potion of invisibility {unknown}


   Skills:
 + Level 3.8 Fighting
 * Level 4.0 Long Blades
 + Level 0.4 Armour
 + Level 3.5 Dodging
 - Level 1.5 Stealth


You couldn't memorise any spells.
You knew the following spells:

 Your Spells              Type           Power      Damage    Failure   Level
a - Magic Dart            Conj           0%         1d3       43%         1

Your spell library contained the following spells:

 Spells                   Type           Power      Damage    Failure   Level


Dungeon Overview and Level Annotations

Branches:
Dungeon (1/15)

Altars:
Vehumet


Innate Abilities, Weirdness & Mutations

You have a pair of horns on your head.
You reflexively headbutt those who attack you in melee.


Message History

You open the door.
Found 23 bolts.
There is an open door here.
You open the door.
There is an open door here.
Found a robe.
Found an escape hatch in the floor.
There is an escape hatch in the floor here.
Found a dagger.
Found a faded altar of an unknown god.
A hobgoblin comes into view.
The hobgoblin shouts!
You hit the hobgoblin. Your headbutt misses the hobgoblin.
The hobgoblin is heavily wounded.
The hobgoblin misses you.
You barely miss the hobgoblin.
The hobgoblin is heavily wounded.
The hobgoblin barely misses you.
You riposte.
You hit the hobgoblin.
You kill the hobgoblin!
No target in view!
No target in view!
There is a faded altar of an unknown god here.
You see here a +0 dagger.
You cannot tell which god this altar belongs to.
Convert to them anyway?
Okay, then.
You cannot tell which god this altar belongs to.
Convert to them anyway?
Vehumet accepts your prayer! Vehumet welcomes you!
You can now gain magical power from killing.
Vehumet offers you knowledge of Magic Dart.
Memorise Magic Dart, consuming 1 spell level and leaving 0?
Vehumet grants you knowledge of Magic Dart.
You start memorising the spell.
You continue memorising.
You finish memorising.
You add the spell Magic Dart to your library.
Spell assigned to 'a'.
Are you sure you want to abandon this character and quit the game? (Confirm with "yes".)
Okay, then.
Unknown command.
Press < or > to pray at altars.
Are you sure you want to abandon this character and quit the game? (Confirm with "yes".)

#.#.#.....##.........#
#.#..>.....+.........'
#........[##...(.....#
###.##.#.####.......##
#.##.#.# ##.....##
#......# ##...##
#.....## ##+# #.....#
#..@..# #.....#
#.....# #.##.## #.. ..
### ###


There were no monsters in sight!

Vanquished Creatures
  A bat (D:1)
  A hobgoblin (D:1)
  A kobold (D:1)
  A quokka (D:1)
  A ball python (D:1)
  A frilled lizard (D:1)
  3 goblins (D:1)
  A rat (D:1)
10 creatures vanquished.

Notes
Turn   | Place    | Note
-------+----------+-------------------------------------------
     0 | D:1      | Dvallin the Minotaur Monk began the quest for the Orb.
     0 | D:1      | Reached XP level 1. HP: 19/19 MP: 0/0
   449 | D:1      | Reached skill level 4 in Long Blades
   449 | D:1      | Reached XP level 2. HP: 21/27 MP: 1/1
   574 | D:1      | Found a faded altar of an unknown god.
   588 | D:1      | Became a worshipper of Vehumet
   588 | D:1      | Reached * piety under Vehumet
   588 | D:1      | Offered knowledge of Magic Dart by Vehumet.
   588 | D:1      | Reached ** piety under Vehumet
   591 | D:1      | Learned a level 1 spell: Magic Dart
   591 | D:1      | Quit the game

Illustrated notes

Levels and vault maps discovered:
D:1:      evilmike_arrival_rings, layout_loops_corners,
          ebering_ecumenical_altar_sacrificial, serial_shops, shop_fountains,
          minmay_hexomino_p4

Skill      XL: |  1 |
---------------+----+-----
Long Blades    | 4 |  4.0
Fighting       | |  3.8
Armour         | |  0.4
Dodging        | |  3.5
Stealth        | |  1.5

Action                   || total
-------------------------++-------
Melee: Falchion          ||    18
       Headbutt          ||     2
Dodge: Dodged            ||    19
       Rpst.: Falchion   ||     7

Table legend: (Time is in decaauts)
 A = Elapsed time spent in this place.
 B = Non-inter-level travel time spent in this place.
 C = Inter-level travel time spent in this place.
 D = Time resting spent in this place.
 E = Time spent auto-exploring this place.
 F = Levels seen in this place.
 G = Mean time per level.
                   A        B        C        D        E       F      G
               +--------+--------+--------+--------+--------+-----+--------+
         Total |    593 |    593 |      0 |      0 |    533 |   1 |  593.0 |
       Dungeon |    593 |    593 |      0 |      0 |    533 |   1 |  593.0 |
               +--------+--------+--------+--------+--------+-----+--------+

Top non-repeatable levels by time:
     D:1: 593 daAuts
